[Event "*** SCC Grand Prix: Titled Tuesday Blitz"]
[Site "Chess.com"]
[Date "2020.10.13"]
[Round "1"]
[White "parintele_chess"]
[Black "shnitez"]
[Result "0-1"]
[WhiteElo "2133"]
[BlackElo "2528"]
[TimeControl "180+1"]
[EndTime "10:08:15 PDT"]
[Termination "shnitez won by resignation"]

1. c4 e5 2. g3 Nc6 3. Bg2 Bc5 4. Nc3 a6 5. e3 Ba7 6. Nge2 d6 7. O-O h5 8. d4 h4 9. d5 Nce7 10. f4 hxg3 11.
hxg3 Nf5 12. Qd3 Nf6 13. fxe5 Ng4 14. Rxf5 Bxf5 15. Qxf5 Nxe3 16. Bxe3 Bxe3+ 17. Kf1 O-O 18. Nf4 dxe5 19. Qxe5 Re8 20. Ne6 fxe6 21. Qxe3 Qf6+ 22. Kg1 Rad8 23. Rf1 Qg6 24. dxe6 Rxe6 25. Bd5 Rxd5 26. Qf4 Rd8 27. Qxc7 Rde8 28. Nd5 b5 29. c5 Qg5 30. Qf7+ Kh7 31. Qf3 Re5 32. Nf4 Re3 33. Qh5+ Qxh5 34. Nxh5 Re1 35. Nf4 Rxf1+ 36. Kxf1 Re3 37. Kf2 Re4 38.
b3 b4 39. Nd3 a5 40. Kf3 Rd4 41. Ke3 Rd8 42. c6 Kg6 43. Ne5+ Kf5 44. Nd7 Rc8 45. Nc5 Rxc6 46. Nb7 Rc3+ 47. Kd4 Rxg3 48. Nxa5 Rg2 49. Nc6 Rxa2 50. Nxb4 Rb2 51. Kc3 Rb1 52. Nd3 g5 53. b4 g4 54. b5 g3 55. Kc4 g2 0-1

[Event "*** SCC Grand Prix: Titled Tuesday Blitz"]
[Site "Chess.com"]
[Date "2020.10.13"]
[Round "1"]
[White "karenzadita"]
[Black "GregShahade"]
[Result "0-1"]
[WhiteElo "2291"]
[BlackElo "2631"]
[TimeControl "180+1"]
[EndTime "10:08:16 PDT"]
[Termination "GregShahade won by resignation"]

1. e4 e5 2. Nf3 Nc6 3. d4 exd4 4. Bc4 Nf6 5. e5 Ne4 6. O-O Be7 7. c3 d5 8. Bb5 dxc3 9. Nxc3 Nxc3 10. bxc3 O-O 11.
Bxc6 bxc6 12. Nd4 Bd7 13. f4 c5 14. Nf3 Bf5 15. Be3 Qd7 16. Qd2 Qc6 17. h3 Be4 18. Qf2 Bxf3 19. Qxf3 Rfd8 20. Rad1 c4 21. Kh1 Bc5 22.
Bc1 Qe6 23. Rfe1 g6 24. g4 f5 25. exf6 Qxf6 26. Rxd5 Bd6 27. Rd4 Re8 28. Qd5+ Qf7 29.
Rf1 Qxd5+ 30. Rxd5 Re2 31. Rd4 Rae8 32. Rxc4 Rxa2 33.
Kg1 Ree2 34. Rd1 Rg2+ 35. Kf1 Rh2 36. Kg1 a5 37. Be3 Rag2+ 38. Kf1 Rb2 39. Kg1 Rbg2+ 40. Kf1 Ra2 41. Kg1 a4 42. Bc5 a3 43. Bxd6 cxd6 44.
Rxd6 Rag2+ 45. Kf1 a2 46. Rc8+ Kf7 47. Rc7+ Ke8 48. Ra6 Rf2+ 49. Kg1 Rhg2+ 50. Kh1 Rh2+ 51. Kg1 Rfg2+ 52. Kf1 Rd2 53. Ra8+ Rd8 54. Rxd8+ Kxd8 55. Ra7 Rh1+ 56. Kg2 a1=Q 57. Rxa1 Rxa1 58. Kf3 Rc1 59. Ke4 Rxc3 60. Ke5 Rxh3 61. Kf6 Rf3 0-1

[Event "*** SCC Grand Prix: Titled Tuesday Blitz"]
[Site "Chess.com"]
[Date "2020.10.13"]
[Round "1"]
[White "Pashinskiy_Mikhail"]
[Black "tornikesanikidze"]
[Result "0-1"]
[WhiteElo "2330"]
[BlackElo "2665"]
[TimeControl "180+1"]
[EndTime "10:08:18 PDT"]
[Termination "tornikesanikidze won on time"]

1. e4 c5 2. Nc3 Nc6 3. Bb5 g6 4. Bxc6 dxc6 5. d3 Bg7 6. Be3 b6 7. Qd2 e5 8. Nge2 Qe7 9. O-O Nf6 10. Bh6 Kf8 11. h3 Ng8 12. Be3 h6 13. f4 exf4 14.
Nxf4 Ke8 15. a3 Nf6 16. b4 cxb4 17. axb4 Qxb4 18. Rfb1 Qe7 19. Bxb6 g5 20. Nfe2 g4 21. d4 gxh3 22. Bc5 Qd7 23. e5 Qg4 24. Nf4 Nh5 25.
Nxh3 Rg8 26. Re1 Be6 27. Nf2 Qg6 28. Nfe4 Bf8 29. Nd6+ Bxd6 30. Bxd6 Nf4 31. Ne4 Qxg2+ 32. Qxg2 Rxg2+ 33. Kh1 Rxc2 34. Nf6+ Kd8 35. Rg1 Ng6 36. Rg2 Rxg2 37. Kxg2 a5 38. Kg3 a4 39. Rh1 a3 40.
Ra1 a2 41. Ne4 Bd5 42. Nc5 h5 43. Kh3 h4 44. Kg4 Be6+ 45. Kg5 h3 46. Kf6 h2 47. Nxe6+ fxe6 48. Kxg6 c5 49. Kf6 Kd7 50. dxc5 Ra4 51. c6+ Kxc6 52. Kxe6 Rh4 0-1

[Event "*** SCC Grand Prix: Titled Tuesday Blitz"]
[Site "Chess.com"]
[Date "2020.10.13"]
[Round "1"]
[White "OhanyanEminChess"]
[Black "novocane"]
[Result "1-0"]
[WhiteElo "2606"]
[BlackElo "2274"]
[TimeControl "180+1"]
[EndTime "10:08:18 PDT"]
[Termination "OhanyanEminChess won on time"]

1. e4 c5 2. Nf3 Nc6 3. Nc3 e5 4. Bc4 Be7 5. d3 d6 6. Nd2 Bg5 7. Nf1 Bxc1 8. Rxc1 Nf6 9. Ne3 O-O 10. O-O Be6 11.
Ncd5 Na5 12. Nxf6+ Qxf6 13. Bd5 Rab8 14. c3 b5 15. g3 Bxd5 16. Nxd5 Qd8 17. f4 exf4 18. Rxf4 Nc6 19. Qe2 Ne7 20. Nxe7+ Qxe7 21. Rcf1 b4 22. Qf2 bxc3 23. bxc3 Rb7 24. Rf5 h6 25. Qg2 Rb6 26. h4 Qb7 27. Kh2 Rb2 28. R5f2 Rxf2 29. Rxf2 Qb1 30.
Qf3 Qc1 31. d4 cxd4 32. cxd4 Qa1 33. Qe3 Rb8 34. Qf4 Qxd4 35. Qxf7+ Kh8 36. Qf3 Re8 37. Re2 d5 38. exd5 Rxe2+ 39. Qxe2 Qxd5 40. Qc2 a5 41. Kh3 Qd7+ 42. Kg2 Qd5+ 43. Kh2 Qe5 44. Qd2 Qc5 45. Qe2 Qd5 46. Qf2 Qe5 47. Qg2 Qc5 48. Qe2 Qd5 49. a4 Qc5 50. Kh3 Qf5+ 51. Kg2 Qd5+ 52. Kh2 Qc5 53. Qb5 Qf2+ 54. Kh3 1-0

[Event "*** SCC Grand Prix: Titled Tuesday Blitz"]
[Site "Chess.com"]
[Date "2020.10.13"]
[Round "1"]
[White "GianmarcoVaR"]
[Black "northridgehawk"]
[Result "1-0"]
[WhiteElo "2567"]
[BlackElo "2221"]
[TimeControl "180+1"]
[EndTime "10:08:18 PDT"]
[Termination "GianmarcoVaR won by resignation"]

1. d4 f5 2. c4 Nf6 3. g3 g6 4. Bg2 Bg7 5. Nc3 O-O 6. Nh3 c6 7. O-O d6 8. d5 e5 9. dxe6 Bxe6 10. Qd3 Na6 11. Ng5 Bc8 12. Rd1 h6 13. Nf3 Be6 14. Qxd6 Bxc4 15. Ne5 Qxd6 16. Rxd6 Bf7 17. Bxh6 Rfd8 18.
Rxd8+ Rxd8 19. Bxg7 Kxg7 20. Rd1 Rxd1+ 21. Nxd1 Bxa2 22.
Nc3 Be6 23. h4 Nc5 24. Kf1 a5 25. Ke1 Nfd7 26. Nf3 Kf6 27. Kd2 Nb6 28. Nd4 Bf7 29. Kc2 Nc4 30. e3 Na6 31. Bf1 Nb4+ 32. Kc1 Ne5 33.
Kd2 Nc4+ 34. Kc1 Ne5 35. Kd2 b5 36. Be2 a4 37. f4 Nc4+ 38. Bxc4 Bxc4 39. Nf3 c5 40.
Ne5 Bf1 41. g4 fxg4 42. Nxg4+ Kf5 43. Ne5 Na6 44. Nd7 b4 45. Nxa4 c4 46. Nac5 Nc7 47. Ne5 Bg2 48. Nxc4 Nd5 49. Nd6+ Kf6 50. Nd3 Ke6 51.
Nc4 Be4 52. Nce5 Nf6 53. Nc5+ Kd5 54. Nxe4 Kxe4 55. Nxg6 Nd5 56. h5 Nxe3 57. h6 Nf5 58. h7 Nd4 59. h8=Q Nb3+ 60. Kc2 Nd4+ 61. Qxd4+ Kxd4 62.
Kb3 Kc5 63. f5 Kd5 64. f6 Ke6 65. Kxb4 Kf7 66. Kc5 Kxf6 67. b4 Ke6 68. b5 Kd7 69. Kb6 Kc8 70. Ka7 Kc7 71. b6+ Kd7 72. b7 Ke6 73. b8=Q Kf7 74. Qd6 Kg7 75. Nf4 Kg8 76. Qe7 Kh8 77. Nh5 1-0

[Event "*** SCC Grand Prix: Titled Tuesday Blitz"]
[Site "Chess.com"]
[Date "2020.10.13"]
[Round "1"]
[White "Jabberwockiez"]
[Black "louis198"]
[Result "0-1"]
[WhiteElo "2232"]
[BlackElo "2571"]
[TimeControl "180+1"]
[EndTime "10:08:32 PDT"]
[Termination "louis198 won by checkmate"]

1. e4 e6 2. d4 d5 3. Nc3 dxe4 4. Nxe4 Bd7 5. Nf3 Bc6 6. Bd3 Nd7 7. O-O Ngf6 8. Qe2 Be7 9. c4 O-O 10. Nc3 b6 11. b4 Bxb4 12. Bb2 Re8 13. Ne5 Nxe5 14. dxe5 Nd7 15. Ne4 Nc5 16. Nf6+ gxf6 17. Bxh7+ Kxh7 18. Rad1 f5 19. Qh5+ Kg7 20. Rxd8 Raxd8 21. g4 Rg8 22. Qg5+ Kh7 23. Qh4+ Kg7 24. Qf6+ Kh7 25. Qxf7+ Rg7 26. Qh5+ Kg8 27. h3 Rd3 28. Bc1 fxg4 29. hxg4 Bd2 30.
Bxd2 Rxd2 31. f3 Nd3 32. g5 Nf4 33. Qg4 Rg2+ 34. Qxg2 Nxg2 35. Kxg2 Rxg5+ 36. Kf2 Rxe5 37. Rd1 Rf5 38. Rd8+ Kf7 39. Rc8 Bxf3 40. Rxc7+ Kf6 41. Rxa7 Bd5+ 42. Ke3 Bxc4 43. a4 Ra5 44. Rb7 Rxa4 45.
Rxb6 Kf5 46. Rc6 Bd5 47. Rc5 Ke5 48. Rb5 Ra3+ 49. Kd2 Kd4 50. Rb4+ Bc4 51. Rb8 Ra2+ 52. Ke1 e5 53. Rd8+ Ke3 54. Kd1 e4 55. Rc8 Bd3 56. Kc1 Ke2 57. Rb8 Rc2+ 58. Kb1 Rc8+ 59. Ka1 Rxb8 60.
Ka2 Kd2 61. Ka3 e3 62. Ka2 e2 63. Ka3 e1=Q 64. Ka4 Qa1# 0-1

[Event "*** SCC Grand Prix: Titled Tuesday Blitz"]
[Site "Chess.com"]
[Date "2020.10.13"]
[Round "1"]
[White "maximnovik"]
[Black "Margarita2907"]
[Result "1/2-1/2"]
[WhiteElo "2539"]
[BlackElo "2179"]
[TimeControl "180+1"]
[EndTime "10:08:32 PDT"]
[Termination "Game drawn by repetition"]

1. c4 e6 2. Nc3 d5 3. d4 Nf6 4.
cxd5 exd5 5. Bg5 Be7 6. e3 c6 7. Bd3 O-O 8. Nge2 h6 9. Bh4 Ne4 10. Bxe4 Bxh4 11. Bd3 Nd7 12. Qc2 Re8 13. O-O-O Bxf2 14. Kb1 Bxe3 15. g4 Nf6 16. h3 b5 17. Rdf1 b4 18. Nd1 Bd7 19. Rf3 Bg5 20. h4 Bxg4 21.
Rg3 Bxe2 22. hxg5 Bxd3 23. Qxd3 Ne4 24. gxh6 Nxg3 25. Qxg3 Qf6 26. hxg7 Qg6+ 27. Qxg6 fxg6 28. Nf2 Kxg7 29. Nd3 Re4 30. Nc5 Re2 31. Nd3 a5 32. Rc1 Re6 33. Nc5 Rd6 34. Nb7 Rf6 35. Rc2 g5 36. Nc5 Kg6 37. Rg2 Re8 38. Nd3 Rf1+ 39. Kc2 Re3 40. Kd2 Re8 41. Ne5+ Kf5 42. Nxc6 g4 43. Ne5 Kf4 44. Rxg4+ Kf5 45. Rg2 Ke6 46.
Re2 Kd6 47. Nf7+ Kd7 48. Ne5+ Kc8 49. Kc2 Rf4 50. Kd3 Kc7 51. Rc2+ Kb7 52. Rc5 Rd8 53. Rxa5 Kb6 54. Ra4 Kb5 55. Ra7 Rh8 56. Rb7+ Ka5 57. Nc6+ Ka6 58. Rxb4 Rh3+ 59. Ke2 Rg4 60. Nb8+ Ka7 61.
Nc6+ Ka6 62. Nb8+ Ka5 63. Nc6+ Ka6 1/2-1/2

[Event "*** SCC Grand Prix: Titled Tuesday Blitz"]
[Site "Chess.com"]
[Date "2020.10.13"]
[Round "1"]
[White "Steven_Rojas"]
[Black "Onischuk_V"]
[Result "1-0"]
[WhiteElo "2455"]
[BlackElo "2825"]
[TimeControl "180+1"]
[EndTime "10:08:33 PDT"]
[Termination "Steven_Rojas won on time"]

1. c4 g6 2. Nc3 Bg7 3. d4 d6 4. g3 Nf6 5. Bg2 O-O 6. Nf3 Nc6 7. O-O e5 8. d5 Nb8 9. e4 a5 10. Ne1 Nfd7 11. Nd3 Na6 12. Be3 f5 13. Qd2 Ndc5 14. Nxc5 Nxc5 15. Rae1 b6 16. b3 Bd7 17. exf5 gxf5 18.
f4 e4 19. Re2 Nd3 20. Nd1 a4 21. Nf2 axb3 22. axb3 Nxf2 23. Rexf2 Qf6 24. h3 Ra3 25. Qc2 Rfa8 26. Rb1 h5 27. Rd2 Ra1 28. Kh2 Rxb1 29. Qxb1 Ra1 30. Qc2 h4 31. g4 fxg4 32. hxg4 Bxg4 33.
Qxe4 Bf5 34. Qe8+ Qf8 35. Qh5 Qf7 36. Qxh4 Bf6 37. Qh6 Qe7 38. Bd4 Bxd4 39. Rxd4 Rb1 40. c5 bxc5 41. Ra4 Qh7 42. Ra8+ Kf7 43. Qxh7+ Bxh7 44. Ra7 Bf5 45. Rxc7+ Kf6 46. Rc6 Ke7 47. Rc7+ Kd8 48. Rf7 Bc2 49. Bh3 Ke8 50. Rd7 Rb2 51. Rxd6 Bf5+ 52. Bg2 Kf7 53. Kg3 Rxb3+ 54. Kh4 Re3 55.
Rc6 Rc3 56. Kg5 Bd7 57. Rf6+ Ke7 58. d6+ Ke8 59. Bd5 Rg3+ 60. Kh6 Rh3+ 61. Kg7 Rg3+ 62. Rg6 Rxg6+ 63. Kxg6 Kf8 64. f5 Bb5 65. f6 c4 66.
Kf5 c3 67. Bb3 1-0

[Event "*** SCC Grand Prix: Titled Tuesday Blitz"]
[Site "Chess.com"]
[Date "2020.10.13"]
[Round "1"]
[White "GMSrinath"]
[Black "Superfelix"]
[Result "0-1"]
[WhiteElo "2818"]
[BlackElo "2455"]
[TimeControl "180+1"]
[EndTime "10:08:33 PDT"]
[Termination "Superfelix won by resignation"]

1. Nf3 Nf6 2. c4 g6 3. b3 Bg7 4. Bb2 O-O 5. g3 b6 6. Bg2 Bb7 7. O-O d6 8. Nc3 Nbd7 9. d4 e6 10. Qc2 Qe7 11. e4 a6 12. Rfe1 Rad8 13. h3 c5 14. e5 dxe5 15. dxe5 Ne8 16. Ne4 h6 17. Rad1 a5 18. Rd2 Nb8 19. Rxd8 Qxd8 20. Rd1 Qe7 21. Nd6 Nxd6 22. exd6 Qd8 23. Bxg7 Kxg7 24. Qc3+ Qf6 25.
Qe3 Rd8 26. Ne5 Bxg2 27. Kxg2 h5 28. f4 Nd7 29. Nc6 Rc8 30. Ne5 Rd8 31. Rd2 Qf5 32. Nc6 Re8 33. Qf3 Qb1 34. Ne5 Rd8 35. Nxd7 Rxd7 36.
Qc6 Qe1 37. Rf2 Rd8 38. Qxb6 Qe4+ 39. Kh2 Qd4 40. Rg2 Rxd6 41. Qxa5 h4 42. Qe1 hxg3+ 43. Qxg3 Kf8 44. Qf3 Qf6 45. Qe3 Rd4 46. Qe5 Qxf4+ 47. Qxf4 Rxf4 48. a4 Rf3 49. Rb2 Rd3 50. a5 Rd6 51.
Ra2 Ra6 52. Kg3 g5 53. Kf3 f5 54. Ke3 Kf7 55. Kd3 Kf6 56. Kc3 e5 57. b4 cxb4+ 58. Kxb4 e4 59. Kb5 Ra8 60. a6 f4 61. Kb6 f3 62. Kb7 Re8 63. a7 e3 64. c5 e2 65. Ra1 f2 66. c6 e1=Q 67. Ra6 Qb1+ 68. Rb6 Qe4 69. Ka6 Qc4+ 70. Kb7 f1=Q 71. c7+ Kf5 0-1

[Event "*** SCC Grand Prix: Titled Tuesday Blitz"]
[Site "Chess.com"]
[Date "2020.10.13"]
[Round "1"]
[White "Fh2411"]
[Black "teacher4chess"]
[Result "1-0"]
[WhiteElo "2508"]
[BlackElo "2004"]
[TimeControl "180+1"]
[EndTime "10:08:35 PDT"]
[Termination "Fh2411 won on time"]

1. d4 d5 2. Nf3 Nf6 3. Bg5 Ne4 4. Bf4 c6 5. c3 Qb6 6. Qb3 Bf5 7. Nbd2 Nxd2 8. Nxd2 Nd7 9. e3 e6 10. h3 Be7 11. g4 Bg6 12. h4 h5 13. g5 O-O 14.
Be2 c5 15. Qxb6 axb6 16. a3 c4 17. O-O b5 18. Rac1 Nb6 19. Bd1 Bd3 20. Re1 g6 21. e4 Rfe8 22. Bc7 Na4 23. Bxa4 bxa4 24. exd5 exd5 25.
Nf3 Bf8 26. Rxe8 Rxe8 27. Re1 Rxe1+ 28. Nxe1 Be4 29. f3 Bb1 30. Kf2 Be7 31. Be5 Kf8 32. Ke3 Ke8 33. Ng2 Kd7 34. Kf4 Kc6 35. Ne3 Bd6 36. Bxd6 Kxd6 37. Ng2 Bd3 38. Ke3 Bf5 39. Nf4 Bb1 40. Ne2 Ke6 41. Ng3 Kd6 42. Kf4 Ke6 43. Ke3 Kd6 44. f4 Ke6 45. Kf3 Bc2 46. Nf1 Bd1+ 47.
Kg3 Bg4 48. Ne3 Bf5 49. Kf3 Be4+ 50. Ke2 Bf5 51. Kf2 Be4 52. Kg3 Bf5 53. Nf1 Be4 54.
Nd2 Bf5 55. Nf3 Be4 56. Ne5 Bf5 57. Kf2 Be4 58. Ke3 Bb1 59. Nf3 1-0

[Event "*** SCC Grand Prix: Titled Tuesday Blitz"]
[Site "Chess.com"]
[Date "2020.10.13"]
[Round "1"]
[White "Alindsay211"]
[Black "GiantThresher"]
[Result "0-1"]
[WhiteElo "2430"]
[BlackElo "2828"]
[TimeControl "180+1"]
[EndTime "10:08:36 PDT"]
[Termination "GiantThresher won by resignation"]

1. e4 e6 2. d4 d5 3. e5 c5 4. c3 Nc6 5. Nf3 Bd7 6. a3 f6 7. Bd3 Qc7 8. exf6 Nxf6 9. O-O Bd6 10. Bg5 O-O 11. h3 Rae8 12. Nbd2 Nh5 13. Qc2 h6 14.
Bg6 Nf4 15. Bxf4 Rxf4 16. Bxe8 Bxe8 17. g3 Rf6 18. Kg2 Bg6 19. Qb3 c4 20. Qd1 Qf7 21. Re1 Bh5 22. Re3 Ne7 23. Qe1 Nf5 24. Ne5 Nxe3+ 25.
Qxe3 Qe8 26. Re1 Qb5 27. Rb1 Bg6 28. Nxg6 Rxg6 29. Nf3 Rf6 30. Ne5 a6 31. Ng4 Rg6 32. Ne5 Rf6 33. Ng4 Rg6 34. Ne5 Rg5 35. h4 Rf5 36.
Nxc4 dxc4 37. Qxe6+ Kh7 38. Qxd6 Rf6 39. Qe5 Qc6+ 40.
d5 Qb6 41. Qe4+ Kg8 42. f3 Rf8 43. Qe6+ Qxe6 44. dxe6 Rd8 45. Re1 Rd2+ 46. Kh3 Kf8 47. Kg4 Rxb2 48. Kf5 Rf2 49. f4 h5 50. Kg5 Rg2 51.
Kxh5 Rxg3 52. f5 Rxc3 53. Kg6 Rg3+ 54. Kh7 b5 55. e7+ Ke8 56. h5 a5 57. h6 gxh6 58. Kxh6 c3 59. f6 Rf3 60. Kg7 c2 61.
Kg8 b4 62. axb4 axb4 63. Ra1 Rxf6 0-1

[Event "*** SCC Grand Prix: Titled Tuesday Blitz"]
[Site "Chess.com"]
[Date "2020.10.13"]
[Round "1"]
[White "nrvisakh"]
[Black "Tactictic"]
[Result "1-0"]
[WhiteElo "2805"]
[BlackElo "2414"]
[TimeControl "180+1"]
[EndTime "10:08:36 PDT"]
[Termination "nrvisakh won by checkmate"]

1. e4 c5 2. Nf3 d6 3. d4 cxd4 4. Nxd4 Nf6 5. Nc3 a6 6. Bc4 e6 7. O-O b5 8. Bb3 Be7 9. Qf3 Qb6 10. Be3 Qb7 11. Qg3 O-O 12. Bh6 Ne8 13. Rfe1 Nc6 14.
Nxc6 Qxc6 15. Nd5 Bd8 16. Rad1 a5 17. a3 a4 18. Nb4 Qc5 19. Ba2 Ba5 20. c3 Bb7 21.
Nd3 Qh5 22. Bc1 Bxe4 23. Nf4 Qf5 24. Qe3 d5 25. f3 Bc2 26. Rd2 Bb3 27. Bxb3 axb3 28.
Rde2 Nd6 29. Kh1 Nc4 30. Qc5 Rab8 31. Qg1 Bb6 32. Qf1 d4 33. cxd4 Bxd4 34. Rd1 Bf6 35. Nd3 Rfd8 36. Re4 Rbc8 37. Qe2 Qd5 38. Nf2 Qc6 39. Re1 Nb6 40. Ng4 Qxc1 41. Nxf6+ gxf6 42. Qf2 Qg5 43. Rg4 Qxg4 44. fxg4 Rc2 45. Qxb6 Rdc8 46. Qxb5 Rc1 47. Qf1 R1c2 48. Rb1 Rd2 49. h3 Rcc2 50. a4 Kg7 51. a5 Rd6 52. a6 Rc7 53. Ra1 Ra7 54. Qb5 Rdd7 55. Qxd7 e5 56. Qxa7 e4 57. Qe3 h5 58. a7 Kg6 59. a8=Q hxg4 60. Qaxe4+ f5 61.
Qxg4+ fxg4 62. Ra6+ Kf5 63. hxg4+ Kxg4 64. Qe4+ Kg5 65. Kh2 f5 66. Qe7+ Kf4 67. Ra4# 1-0

[Event "*** SCC Grand Prix: Titled Tuesday Blitz"]
[Site "Chess.com"]
[Date "2020.10.13"]
[Round "1"]
[White "anasta10"]
[Black "BAS8892"]
[Result "1/2-1/2"]
[WhiteElo "2419"]
[BlackElo "2794"]
[TimeControl "180+1"]
[EndTime "10:08:40 PDT"]
[Termination "Game drawn - insufficient material"]

1. Nf3 Nf6 2. d4 d5 3. c4 c6 4. cxd5 cxd5 5. Nc3 Nc6 6. Bf4 a6 7. e3 Bf5 8. Bd3 Bxd3 9. Qxd3 e6 10. O-O Bd6 11.
Bxd6 Qxd6 12. Rfc1 b5 13. a3 O-O 14. Rc2 Na5 15. h3 Nc4 16. a4 b4 17. Ne2 Nd7 18. Nd2 Ndb6 19. b3 Na3 20. Rc5 Nd7 21. Rcc1 Rfc8 22. e4 h6 23. e5 Qb6 24. f4 Rc6 25. Rxc6 Qxc6 26. Rc1 Qb7 27. f5 Rc8 28.
Rxc8+ Qxc8 29. Kh2 Qc2 30. Qxc2 Nxc2 31. fxe6 fxe6 32.
Kg3 Nb8 33. Kf2 Nc6 34. Nf3 g5 35. g4 Kf7 36. Kg3 Kg6 37. Kf2 Na5 38. Nc1 Na1 39. Nd2 Nc6 40. Ne2 h5 41. Kg3 Nc2 42. Nf3 hxg4 43.
hxg4 Ne3 44. Nd2 Na5 45. Kf3 Nd1 46. Kg3 Nc3 47. Kf3 Ne4 48. Nxe4 dxe4+ 49. Kxe4 Nxb3 50. d5 Nc5+ 51. Kd4 Nxa4 52. d6 Kf7 53. Kc4 Nb6+ 54. Kxb4 Nd7 55. Ka5 Nxe5 56. Kxa6 Nxg4 57. Kb7 Nf6 58. Kc7 Nd5+ 59. Kc8 e5 60. d7 Nb6+ 61. Kc7 Nxd7 62. Kxd7 Kf6 63. Kd6 Kf5 64. Kd5 g4 65.
Ng3+ Kf4 66. Nh5+ Kg5 67. Ng3 Kf4 68. Nh5+ Kg5 69. Ng3 Kf6 70. Ke4 Ke6 71. Nh5 Kd6 72.
Kf5 g3 73. Nxg3 Kd5 74. Ne4 Kd4 75. Nf6 e4 76. Nxe4 1/2-1/2

[Event "*** SCC Grand Prix: Titled Tuesday Blitz"]
[Site "Chess.com"]
[Date "2020.10.13"]
[Round "1"]
[White "ChelsieMonica"]
[Black "OlympusMons95"]
[Result "1/2-1/2"]
[WhiteElo "2383"]
[BlackElo "2701"]
[TimeControl "180+1"]
[EndTime "10:08:43 PDT"]
[Termination "Game drawn by agreement"]

1. c4 e6 2. Nf3 d5 3. d4 Nf6 4. e3 b6 5. cxd5 exd5 6. Be2 Bd6 7. O-O O-O 8. h3 Bb7 9. Nc3 a6 10. a3 Nbd7 11. b4 Ne4 12. Nxe4 dxe4 13. Nd2 f5 14. Qb3+ Kh8 15. Bb2 Nf6 16. Rac1 f4 17. exf4 Bxf4 18. Rcd1 Qe7 19. Nc4 Rae8 20. Ne3 Bxe3 21. fxe3 Bd5 22.
Qc2 b5 23. Rf5 c6 24. Rdf1 Nd7 25. Bc3 Rxf5 26. Rxf5 Nb6 27. Be1 Qd7 28. Rf4 Qe6 29. Qc5 Nd7 30. Qa7 Nf6 31. Qxa6 Bc4 32. Bg4 Qd6 33.
Qa7 h6 34. Bf2 Nd5 35. Rf7 Re7 36. Rf8+ Kh7 37. Bf5+ g6 38. Rf7+ Kg8 39. Rxe7 Qxe7 40. Qxe7 Nxe7 41. Bxe4 Kf7 42. Bc2 Nd5 43. e4 Nc3 44.
Be1 Ne2+ 45. Kf2 Nxd4 46. Bd1 Ne6 47. Ke3 Kf6 48. Bc3+ Ke7 49. g3 Kf7 50. h4 Ke7 51. Bd4 Kf7 52. Be5 Ke7 53. a4 bxa4 54. Bxa4 Bb5 55.
Bb3 c5 56. bxc5 Nxc5 57. Bd5 Ne6 58. Bf4 h5 59. Bg5+ Kd6 60. Bf6 Be8 61. Ba2 Bf7 62. e5+ Kd7 63. Bb3 Nd8 64. Ba4+ Nc6 65. Bb5 Bd5 66.
Kf4 Ke6 67. Kg5 Nxe5 68. Bxe5 Kxe5 69. Kxg6 Bf3 70. Be8 Ke6 71. Kg5 Ke7 72. Bxh5 Be4 73. Bg6 Bf3 74. Kf4 Bd1 75. g4 Bxg4 76. Bf5 Bxf5 77.
Kxf5 Kf7 78. Kg5 Kg7 79. Kh5 Kh7 1/2-1/2

[Event "*** SCC Grand Prix: Titled Tuesday Blitz"]
[Site "Chess.com"]
[Date "2020.10.13"]
[Round "1"]
[White "alexgo05"]
[Black "DenLaz"]
[Result "1/2-1/2"]
[WhiteElo "2436"]
[BlackElo "2819"]
[TimeControl "180+1"]
[EndTime "10:08:48 PDT"]
[Termination "Game drawn by repetition"]

1. e4 e5 2. Nf3 Nc6 3. Bb5 a6 4. Ba4 Nf6 5. O-O Be7 6. Re1 b5 7. Bb3 d6 8. c3 O-O 9. h3 Bb7 10.
d4 Re8 11. Nbd2 Bf8 12. d5 Nb8 13. Bc2 Nbd7 14. Nf1 c6 15. dxc6 Bxc6 16. N3h2 g6 17. Ng4 Nxg4 18. hxg4 Nc5 19. b4 Ne6 20. Ne3 Rc8 21. Nd5 Bg7 22. a4 Nc7 23. axb5 Nxb5 24.
Rxa6 Bxd5 25. exd5 Nxc3 26. Qd2 Qh4 27. Rc6 Nb5 28. Ba4 Nd4 29. Rxd6 Red8 30. Rxd8+ Rxd8 31. Qg5 Qxg5 32. Bxg5 Rxd5 33. b5 h6 34. Be3 Nxb5 35. Rb1 Nd4 36. Rb8+ Kh7 37. Be8 f6 38. Bf7 Rb5 39.
Bg8+ Kh8 40. Rc8 Rb1+ 41. Kh2 Rb6 42. Bf7+ Kh7 43. Bg8+ Kh8 44. Bf7+ Kh7 45. Bxd4 exd4 46. Bg8+ Kh8 47. Bf7+ Bf8 48. Rxf8+ Kg7 49. Rd8 Kxf7 50. Rxd4 g5 51. Kg3 Kg6 52. f3 Rb3 53. Rd5 Rb4 54. Rd3 h5 55. gxh5+ Kxh5 56. Rd7 f5 57. Rd5 f4+ 58. Kh3 Rb1 59. Kh2 Rb2 60. Rd6 Rb8 61.
Re6 Rh8 62. Rd6 Kh4 63. Re6 Rh5 64. Rd6 g4 65. fxg4 Kxg4+ 66. Kg1 Re5 67. Rf6 Re2 68. Rg6+ Kf5 69. Rg8 Ra2 70. Rf8+ Ke4 71. Re8+ Kf5 72.
Rf8+ Kg4 73. Rg8+ Kf5 74. Rf8+ 1/2-1/2

[Event "*** SCC Grand Prix: Titled Tuesday Blitz"]
[Site "Chess.com"]
[Date "2020.10.13"]
[Round "1"]
[White "PlotnikovPavel"]
[Black "starworld123"]
[Result "0-1"]
[WhiteElo "2379"]
[BlackElo "2731"]
[TimeControl "180+1"]
[EndTime "10:08:51 PDT"]
[Termination "starworld123 won by checkmate"]

1. e4 c5 2. Nc3 Nc6 3. Bb5 Nd4 4. Nf3 g6 5. O-O Bg7 6. Nxd4 cxd4 7. Ne2 e6 8. Bd3 Ne7 9. b3 O-O 10. Bb2 d5 11. exd5 Qxd5 12. c3 Bd7 13. Bc4 Qd6 14. Nxd4 Bxd4 15. cxd4 Bc6 16. Qg4 Bd5 17. Bd3 Rfd8 18.
Qg5 Rac8 19. Rae1 Nc6 20. Re3 Qe7 21. Qh6 Qf8 22. Qf4 Qg7 23. Rh3 Rd7 24. a3 Bxb3 25.
Bxg6 hxg6 26. Rxb3 Na5 27. Rc3 Rcd8 28. Rc7 Nc6 29.
Rb1 e5 30. dxe5 Rxc7 31. e6 f6 32. Bxf6 Rf8 33. e7 Rxe7 34. Qc4+ Qf7 35. Qxf7+ Rexf7 36. Bh4 Re8 37. f3 Rd7 38. Rd1 Re2 39. Bg5 Ne5 40.
Kf1 Nxf3 41. Kxe2 Nxg5 42. d3 Ne6 43. Ke3 Kg7 44. d4 Kf6 45. Rf1+ Ke7 46. Rd1 Kd6 47. Ke4 Rf7 48. Rd3 Rf2 49. Rg3 g5 50. Ke3 Rf4 51. Rxg5 Rxd4 52. Rg8 Ra4 53. Rb8 Rxa3+ 54.
Ke4 a5 55. Kf5 Rb3 56. Ra8 b6 57. h4 Rg3 58. Ra6 Nd4+ 59. Kf4 Ne2+ 60. Ke4 Kc7 61. Ra7+ Kc6 62. h5 Rxg2 63. h6 Rh2 64. h7 a4 65.
Kf3 Nd4+ 66. Ke3 Ne6 67. Ke4 Rxh7 68. Rxa4 Rh4+ 69. Ke5 Rxa4 70. Kxe6 Re4+ 71. Kf6 Kd5 72. Kg5 b5 73. Kf6 b4 74. Kf5 b3 75. Kf6 b2 76. Kf7 b1=Q 77. Kf8 Qd3 78. Kg7 Qf3 79. Kg6 Rg4+ 80. Kh6 Qh3# 0-1

[Event "*** SCC Grand Prix: Titled Tuesday Blitz"]
[Site "Chess.com"]
[Date "2020.10.13"]
[Round "1"]
[White "elcandado"]
[Black "SergeyShtyka"]
[Result "1-0"]
[WhiteElo "2570"]
[BlackElo "2230"]
[TimeControl "180+1"]
[EndTime "10:08:56 PDT"]
[Termination "elcandado won on time"]

1. d4 c5 2. c3 e6 3. Nf3 Nf6 4. Bf4 Be7 5. e3 O-O 6. Nbd2 Nc6 7. h3 d6 8. Bh2 a6 9. a4 b6 10. Bd3 Bb7 11. Qe2 Re8 12. O-O Bf8 13. Rfd1 Ne7 14. e4 Ng6 15. Qe3 Qc7 16. Ng5 Rad8 17. Nf1 c4 18. Bc2 b5 19. Re1 e5 20. d5 Ra8 21.
Ng3 Nf4 22. Nf5 g6 23. Bxf4 exf4 24. Qd4 Re5 25. g3 fxg3 26. f4 gxf5 27. fxe5 dxe5 28.
Qd1 f4 29. h4 Qd7 30. Kg2 h6 31. Nf3 Bd6 32. Rh1 Kh7 33. axb5 axb5 34. Rxa8 Bxa8 35.
Qa1 Bb7 36. Qa7 Qe7 37. b4 Ng4 38. Bb1 Ne3+ 39. Kg1 Nd1 40. Qa3 Ne3 41. Qa7 Qc7 42. Rh3 Nd1 43. Kg2 Nxc3 44. Bc2 Kg7 45. h5 Kh7 46.
Nh4 Be7 47. Nf5 Bf6 48. Rh1 Ne2 49. Ra1 Nd4 50. Qa5 Qd7 51. Nxd4 exd4 52. e5+ Kg7 53. exf6+ Kxf6 54. Qb6+ Kg7 55. Qxd4+ f6 56. Rd1 Qg4 57. Qe4 c3 58. Qg6+ Qxg6 59. Bxg6 Bc8 60. Kf3 Bh3 61. Kxf4 f5 62. Bxf5 Bg4 63. Bxg4 Kf6 64. Kxg3 Ke7 65. Rc1 Kd6 66. Rxc3 Kxd5 67. Rf3 Kd6 68. Rf6+ Ke5 69. Rxh6 Kd4 70. Rb6 Kc4 71. Rxb5 Kxb5 72. h6 Kxb4 73. h7 Kc3 74. h8=Q+ 1-0

[Event "*** SCC Grand Prix: Titled Tuesday Blitz"]
[Site "Chess.com"]
[Date "2020.10.13"]
[Round "1"]
[White "WildTricks"]
[Black "VerdeNotte"]
[Result "0-1"]
[WhiteElo "2437"]
[BlackElo "2836"]
[TimeControl "180+1"]
[EndTime "10:09:01 PDT"]
[Termination "VerdeNotte won by checkmate"]

1. Nf3 g6 2. e4 c5 3. d4 cxd4 4. Qxd4 Nf6 5. e5 Nc6 6. Qa4 Nd5 7. Qe4 Nc7 8. Nc3 d5 9. exd6 Ne6 10. dxe7 Qxe7 11.
Nd5 f5 12. Qe2 Qd8 13. c4 Bg7 14. Bg5 Qd6 15. Bf4 Qc5 16. Nc7+ Kf8 17. Qxe6 Qa5+ 18.
Bd2 Qxc7 19. Qd5 Be6 20. Qc5+ Qe7 21. Qxe7+ Kxe7 22. O-O-O h6 23. Bc3 Bxc3 24. bxc3 Rac8 25. Nd4 Nxd4 26. Rxd4 Rhd8 27. Kd2 Bxc4 28. Bxc4 Rxd4+ 29. cxd4 Rxc4 30. Kd3 Ra4 31. Re1+ Kd6 32. Re2 Kd5 33. Re5+ Kd6 34. Re2 b5 35. Kc3 Rc4+ 36. Kd3 a6 37. h4 Ra4 38. Kc3 f4 39. Kd3 Kd5 40. Re5+ Kd6 41. Re2 Rc4 42. Ke4 a5 43. Rd2 b4 44.
Kxf4 Kd5 45. Ke3 Rc3+ 46. Kf4 a4 47. g4 a3 48. h5 gxh5 49. gxh5 Rc4 50. Kf5 Rxd4 51.
Re2 Kc4 52. f4 Kc3 53. Kg6 Rd2 54. Re3+ Kd4 55. Rb3 Kc4 56. f5 Rxa2 57. Rf3 b3 58.
f6 Rg2+ 59. Kxh6 Rg8 60. f7 Ra8 61. Kg7 a2 62. Rf4+ Kd5 63. Rf5+ Ke4 64. Rf1 b2 65. Re1+ Kd3 66. Re8 a1=Q 67. f8=Q b1=Q+ 68. Kg6 Kd2+ 69. Kg5 Qe5+ 70. Rxe5 Rxf8 71. Rd5+ Ke3 72. Re5+ Kd4 73. Rd5+ Kxd5 74. Kh6 Qg1 75. Kh7 Qg8+ 76. Kh6 Rf6# 0-1